 Dungeon Crawl Stone Soup version 0.25.1-2-g60ff931df9 (webtiles) character file.

Game seed: 8610985726687794969

23437 DogServant the Grappler (level 13, -12/117 HPs)
             Began as a Naga Transmuter on Oct 18, 2020.
             Was a High Priest of Uskayaw.
             Mangled by an orc warrior
             ... wielding a +0 war axe
              (20 damage)
             ... on level 2 of the Orcish Mines.
             The game lasted 00:37:00 (18516 turns).

DogServant the Grappler (Naga Transmuter)          Turns: 18516, Time: 00:37:00

Health: -12/117    AC:  9    Str: 20    XL:     13   Next: 6%
Magic:  13/20      EV: 13    Int: 18    God:    Uskayaw [*****.]
Gold:   1224       SH:  5    Dex: 17    Spells: 5/22 levels left

rFire    + . .     SeeInvis +   u - +11 whip "Bop Nih" {vorpal, Stlth+}
rCold    + . .     Gourm    .   (no shield)
rNeg     + . .     Faith    .   M - +2 robe {MR+}
rPois    +         Spirit   .   w - +2 hat
rElec    .         Reflect  +   j - scarf {rC+ rF+}
rCorr    .         Harm     .   (no gloves)
MR       +++..                  (no barding)
Stlth    +++.......             E - amulet of reflection
HPRegen  0.29/turn              L - ring of protection from magic
MPRegen  0.17/turn              k - ring "Cedadean" {rN+ Str+4 Int+2 Dex+6}

@: very slow
A: large, stinger 1, see invisible, deformed body, poison resistance, slowness
2, slow metabolism 1, spit poison 1, constrict 1, AC +4
a: Spit Poison, Stomp, Line Pass, Grand Finale, Renounce Religion


You were on level 2 of the Orcish Mines.
You worshipped Uskayaw.
Uskayaw was aware of your devotion.
You were not hungry.

You visited 3 branches of the dungeon, and saw 15 of its levels.

You collected 1224 gold pieces.

Inventory:

Hand Weapons
 u - the +11 whip "Bop Nih" (weapon) {vorpal, Stlth+}
   (You found it on level 4 of the Dungeon)

   It inflicts extra damage upon your enemies.
   It makes you more stealthy.
Missiles
 a - 404 arrows
 x - 2 curare-tipped darts (quivered)
Armour
 b - a +1 robe
 e - a +1 cloak of preservation
 j - a scarf of resistance (worn)
 w - a +2 hat (worn)
 M - a +2 robe of magic resistance (worn)
Jewellery
 h - an uncursed ring of positive energy
 k - the ring "Cedadean" (right hand) {rN+ Str+4 Int+2 Dex+6}
   (You acquired it on level 8 of the Dungeon)

   [ring of dexterity]

   It affects your strength (+4).
   It affects your intelligence (+2).
   It affects your dexterity (+6).
   It protects you from negative energy.
 m - a +6 ring of intelligence
 n - an uncursed ring of see invisible
 t - an uncursed ring of protection from cold
 C - an uncursed ring of ice
 D - an uncursed ring of stealth
 E - an amulet of reflection (around neck)
 K - a +6 ring of intelligence
 L - a ring of protection from magic (left hand)
Wands
 l - a wand of digging (3)
 s - a wand of acid (8)
 B - a wand of flame (12)
 G - a wand of disintegration (44)
 I - a wand of iceblast (27)
 J - a wand of polymorph (10)
Scrolls
 c - a scroll of teleportation
 f - 7 scrolls of identify
 g - 4 scrolls of enchant armour
 p - 4 scrolls of remove curse
 q - 2 scrolls of magic mapping
 y - 2 scrolls of immolation
Potions
 r - a potion of flight
 z - 2 potions of haste
 A - 2 potions of stabbing
 F - a potion of magic
 N - a potion of mutation
Comestibles
 d - 9 rations


   Skills:
 + Level 7.9 Fighting
 - Level 6.0 Dodging
 + Level 11.0 Unarmed Combat
 - Level 5.0 Spellcasting
 - Level 10.0 Transmutations
 - Level 4.6 Ice Magic
 - Level 3.0 Poison Magic
 - Level 9.2 Invocations
 - Level 5.5 Evocations


You had 5 spell levels left.
You knew the following spells:

 Your Spells              Type           Power        Failure   Level  Hunger
a - Beastly Appendage     Tmut           #####.       1%          1    None
b - Sticks to Snakes      Tmut           #####...     1%          2    #......
c - Spider Form           Tmut/Pois      ####......   2%          3    ##.....
d - Blade Hands           Tmut           #####.....   6%          5    ######.
e - Frozen Ramparts       Ice            ###...       6%          3    ##.....
f - Ignite Poison         Fire/Tmut/Pois ###.....     7%          3    ##.....

Your spell library contained the following spells:

 Spells                   Type           Power        Failure   Level  Hunger
 Freeze                   Ice            ###.         1%          1    None
 Ice Form                 Ice/Tmut       ####....     7%          4    ####...
 Ozocubu's Armour         Chrm/Ice       ##......     16%         3    ##.....
 Recall                   Summ/Tloc      N/A          36%         3    ##.....
 Hailstorm                Conj/Ice       ##......     45%         4    ####...
 Summon Ice Beast         Ice/Summ       ##......     45%         4    ####...
 Animate Dead             Necr           N/A          78%         4    ####...
 Borgnjor's Vile Clutch   Necr/Erth      #.........   98%         5    ######.
 Fireball                 Conj/Fire      #.........   98%         5    ######.
 Death Channel            Necr           #.........   100%        6    #######
 Simulacrum               Ice/Necr       ##........   100%        6    #######
 Starburst                Conj/Fire      #.........   100%        6    #######
 Ring of Flames           Chrm/Fire      #.........   100%        7    #######
 Ignition                 Fire           #.........   100%        8    #######


Dungeon Overview and Level Annotations

Branches:
Dungeon (12/15)            Temple (1/1) D:6             Orc (2/2) D:10
    Elf (0/3) Orc:2
   Lair: D:8-11

Altars:
Ashenzari
Cheibriados
Dithmenos
Fedhas
Gozag
Hepliaklqana
Kikubaaqudgha
Makhleb
Nemelex Xobeh
Okawaru
Qazlal
Ru
Trog
Uskayaw
Vehumet
Wu Jian
Yredelemnul
Zin
The Shining One
Beogh

Shops:
D:7 %   D:10 :   Orc:2 *}

Portals:
Abyss: D:11

Annotations:
D:11 2 transporters, lllmatko's ghost, journeyman MiBe
D:12 Jorgrun
Orc:2 Saint Roka


Innate Abilities, Weirdness & Mutations

You cannot wear boots.
Your serpentine skin is tough. (AC +4)
You have supernaturally acute eyesight. (SInv)
Armour fits poorly on your strangely shaped body.
Your system is resistant to poisons. (rPois)
You cover ground very slowly.
You have a slow metabolism.
You can spit poison.
You can use your snake-like lower body to constrict enemies.
Your tail ends in a poisonous barb.


Message History

The orc warrior is moderately wounded.
You hit the orc warrior.
The orc warrior is heavily wounded.
You feel less wooden.
Your scarf of resistance unmelds from your body.
Your +2 hat unmelds from your body.
Your +2 robe of magic resistance unmelds from your body.
You feel resistant to extremes of temperature.
You feel resistant to hostile enchantments.
You block the orc warrior's attack.
You barely miss the orc warrior. You grab the orc warrior.
You tail-slap the orc warrior, but do no damage.
The orc warrior is heavily wounded.
You constrict the orc warrior.
The orc warrior hits you but does no damage.
You hit the orc warrior but do no damage.
The orc warrior is heavily wounded.
You constrict the orc warrior.
The orc warrior hits you with a +0 war axe!!
You die...

8..8..8.....#..
...............
.......8.......
...............
8..8..8......
.....).....
....))...#
..8..8o..#
.....o)@##
#########


You could see an orc warrior and an orc.

Vanquished Creatures
  Josephine (Orc:2)
  Fannar (D:10)
  A hydra (D:12)
  2 two-headed ogres
  An orc high priest (Orc:2)
  An unseen horror (D:11)
  5 orc knights
  Pikel (D:6)
  An ugly thing (D:12)
  A manticore (D:11)
  An orc sorcerer (Orc:2)
  2 gargoyles
  4 kobold demonologists
  A freezing wraith (D:11)
  A merfolk (D:10)
  A troll (Orc:2)
  A hornet (D:11)
  2 hippogriffs
  A shadow (D:12)
  12 yaks
  3 wraiths (Orc:2)
  A wyvern (D:10)
  Grum (D:11)
  A hungry ghost (D:8)
  A vampire mosquito (D:11)
  6 wargs
  22 orc warriors
  2 slaves (D:6)
  6 ogres
  2 ice beasts
  A sky beast (D:10)
  An eye of draining (D:11)
  A necrophage (D:10)
  A phantom (D:4)
  4 wolves (D:11)
  3 boggarts (D:12)
  13 centaurs
  4 big kobolds
  2 bullfrogs
  A water moccasin zombie (D:6)
  2 scorpions
  15 wights
  8 killer bees (D:10)
  3 howler monkeys
  2 crimson imps
  4 quasits
  5 hounds
  3 jellies
  7 orc priests
  2 centaur skeletons
  13 orc wizards
  A bullfrog skeleton (D:7)
  7 iguanas
  9 worker ants
  2 hound skeletons
  A worker ant zombie (D:11)
  A gnoll (D:9)
  9 adders
  5 shadow imps
  An adder zombie (D:6)
  An ooze (D:3)
  An adder skeleton (D:2)
  A worm (D:3)
  4 dart slugs
  6 leopard geckos
  60 orcs
  2 ball pythons
  10 bats
  5 giant cockroaches
  4 goblins
  12 hobgoblins
  8 jackals
  27 kobolds
  5 quokkas
  7 frilled lizards
  A leopard gecko skeleton (D:8)
  3 rats
374 creatures vanquished.

Vanquished Creatures (collateral kills)
  Snorg (Orc:1)
  An ogre (D:4)
  A hound (D:4)
  2 orcs (D:4)
5 creatures vanquished.

Vanquished Creatures (others)
  2 orcs (Orc:2)
  A kobold (D:12)
3 creatures vanquished.

Grand Total: 382 creatures vanquished

Notes
Turn   | Place    | Note
-------+----------+-------------------------------------------
     0 | D:1      | DogServant the Naga Transmuter began the quest for the Orb.
     0 | D:1      | Reached XP level 1. HP: 18/18 MP: 3/3
   394 | D:1      | Reached XP level 2. HP: 25/25 MP: 5/5
   824 | D:1      | Reached skill level 4 in Unarmed Combat
   959 | D:1      | Reached XP level 3. HP: 28/31 MP: 6/6
  1577 | D:2      | Learned a level 2 spell: Sticks to Snakes
  1581 | D:2      | Learned a level 3 spell: Spider Form
  1756 | D:2      | Reached skill level 1 in Poison Magic
  1756 | D:2      | Reached XP level 4. HP: 17/38 MP: 5/7
  2116 | D:2      | Found a glowing silver altar of Zin.
  2116 | D:2      | Noticed an angel
  3254 | D:4      | Noticed a phantom
  3267 | D:4      | Reached XP level 5. HP: 27/44 MP: 1/8
  3269 | D:4      | Killed a phantom
  3269 | D:4      | Reached skill level 5 in Unarmed Combat
  3300 | D:4      | Noticed an ogre
  3480 | D:4      | Got an ichor-stained whip
  3481 | D:4      | Identified the +11 whip "Bop Nih" {vorpal, Stlth+} (You
                  | found it on level 4 of the Dungeon)
  3490 | D:4      | Reached XP level 6. HP: 44/51 MP: 5/9
  3942 | D:4      | Reached XP level 7. HP: 55/57 MP: 9/11
  3949 | D:4      | Learned a level 5 spell: Blade Hands
  4270 | D:5      | Entered Level 5 of the Dungeon
  4270 | D:5      | Found a hazy altar of Hepliaklqana.
  4304 | D:5      | Reached skill level 6 in Unarmed Combat
  5254 | D:6      | Reached skill level 5 in Transmutations
  5284 | D:6      | Reached XP level 8. HP: 54/67 MP: 12/12
  6062 | D:6      | Reached skill level 7 in Unarmed Combat
  6516 | D:6      | Found a basalt altar of Yredelemnul.
  6879 | D:6      | Noticed Pikel
  6886 | D:6      | Killed Pikel
  6886 | D:6      | Reached XP level 9. HP: 68/79 MP: 7/13
  7026 | D:6      | Found a faded altar of an unknown god.
  7026 | D:6      | Found a blossoming altar of Fedhas.
  7044 | D:6      | Found an opulent altar of Gozag.
  7046 | D:6      | Found an ancient bone altar of Kikubaaqudgha.
  7048 | D:6      | Found a bloodstained altar of Trog.
  7109 | D:6      | Found a staircase to the Ecumenical Temple.
  7116 | Temple   | Entered the Ecumenical Temple
  7421 | Temple   | Became a worshipper of Uskayaw the Reveler
  7444 | D:6      | Reached * piety under Uskayaw
  7750 | D:7      | Reached ** piety under Uskayaw
  7843 | D:7      | Reached skill level 8 in Unarmed Combat
  7940 | D:7      | Reached *** piety under Uskayaw
  8027 | D:7      | Found an ornate altar of the Wu Jian Council.
  8061 | D:7      | Reached skill level 5 in Fighting
  8380 | D:7      | Found Wuihe's Food Boutique.
  8723 | D:8      | Learned a level 3 spell: Frozen Ramparts
  8985 | D:8      | Identified a scroll of acquirement
  8985 | D:8      | Acquired the ring "Cedadean" {rN+ Str+4 Int+2 Dex+6}
  9183 | D:8      | Found a burning altar of Makhleb.
  9283 | D:8      | Noticed a two-headed ogre
  9294 | D:8      | Killed a two-headed ogre
  9294 | D:8      | Reached skill level 9 in Unarmed Combat
  9297 | D:8      | Reached XP level 10. HP: 35/92 MP: 9/14
  9297 | D:8      | Reached **** piety under Uskayaw
  9301 | D:8      | Reached ***** piety under Uskayaw
  9734 | D:8      | Found an iron altar of Okawaru.
 10249 | D:9      | You fall into a shaft and drop 1 floor!
 10249 | D:10     | Entered Level 10 of the Dungeon
 10451 | D:10     | Reached skill level 1 in Ice Magic
 10460 | D:10     | Found a staircase to the Orcish Mines.
 11228 | D:10     | Reached skill level 10 in Unarmed Combat
 11236 | D:10     | Reached ****** piety under Uskayaw
 11245 | D:10     | HP: 1/94 [yak (9)]
 11678 | D:10     | Found Ladamn's Book Boutique.
 11978 | D:10     | Reached skill level 1 in Invocations
 12159 | D:10     | Noticed Fannar
 12169 | D:10     | Killed Fannar
 12169 | D:10     | Reached XP level 11. HP: 84/100 MP: 12/18
 12383 | D:11     | Found a one-way gate to the infinite horrors of the Abyss.
 12383 | D:11     | Noticed lllmatko's ghost (journeyman MiBe)
 12384 | D:11     | Found a transporter.
 12405 | D:11     | Noticed a wizard
 12423 | D:11     | Found a transporter.
 12463 | D:11     | Reached skill level 5 in Spellcasting
 12715 | D:11     | Noticed a two-headed ogre
 12722 | D:11     | Killed a two-headed ogre
 12822 | D:11     | Noticed Grum
 12827 | D:11     | Killed Grum
 12839 | D:11     | Noticed a soul eater
 12844 | D:11     | Noticed an unseen horror
 12846 | D:11     | Reached skill level 5 in Invocations
 12849 | D:11     | Killed an unseen horror
 13163 | D:11     | Noticed a manticore
 13169 | D:11     | Killed a manticore
 13169 | D:11     | Reached skill level 5 in Dodging
 13222 | D:11     | Gained mutation: Your tail ends in a poisonous barb.
                  | [mutagenic glow]
 13718 | D:11     | Found a glowing silver altar of Zin.
 14060 | D:12     | Noticed a red ugly thing
 14194 | D:12     | Learned a level 3 spell: Ignite Poison
 14341 | D:12     | Reached skill level 1 in Evocations
 14525 | D:12     | Killed a red ugly thing
 14525 | D:12     | Reached XP level 12. HP: 89/109 MP: 13/19
 15275 | D:12     | Noticed an eight-headed hydra
 15287 | D:12     | Killed a ten-headed hydra
 15606 | D:12     | Noticed Jorgrun
 15699 | Orc:1    | Entered Level 1 of the Orcish Mines
 15861 | Orc:1    | Noticed Snorg
 15882 | Orc:1    | Killed Snorg
 16428 | Orc:2    | Entered Level 2 of the Orcish Mines
 16430 | Orc:2    | Found a staircase to the Elven Halls.
 16868 | Orc:2    | Found a roughly hewn altar of Beogh.
 17410 | Orc:2    | Reached skill level 5 in Evocations
 17515 | Orc:2    | Found Ocenus's General Store.
 17515 | Orc:2    | Found Okaon's Gadget Shoppe.
 17743 | Orc:2    | Reached skill level 10 in Transmutations
 18060 | Orc:2    | Noticed Saint Roka
 18492 | Orc:2    | HP: 4/109 [troll[Saint Roka] (2)]
 18494 | Orc:2    | Noticed Josephine
 18496 | Orc:2    | Noticed an orc high priest
 18502 | Orc:2    | HP: 8/163 [wraith[Josephine] (3)]
 18505 | Orc:2    | Killed an orc high priest
 18505 | Orc:2    | Gained mutation: You can use your snake-like lower body to
                  | constrict enemies. [Naga growth]
 18505 | Orc:2    | Reached XP level 13. HP: 9/116 MP: 14/20
 18512 | Orc:2    | Killed Josephine
 18512 | Orc:2    | Reached skill level 11 in Unarmed Combat
 18516 | Orc:2    | Mangled by an orc warrior

Illustrated notes

Levels and vault maps discovered:
D:1:      dpeg_arrival_houses_and_road, layout_basic, minivault_24,
          minmay_liquid_box
D:2:      layout_rooms, zin_angel
D:3:      layout_loops_ring
D:4:      layout_basic, first_ration, lemuel_old_faithful
D:5:      layout_gridville, lemuel_crystal_altar
D:6:      layout_loops_ring, yredelemnul_altar_generic,
          chequers_temple_overflow_minitemple, temple_fountains,
          corexii_item_surrounded_by_moat, uniq_pikel
D:7:      layout_loops_ring, nicolae_overflow_hidden_temple, serial_shops,
          kennysheep_mini_moat, grunt_decor_cap
D:8:      layout_basic, bloody_makhleb, okawaru_metal_pillars_1_2,
          nicolae_ossuary_entry_false_entrances
D:9:      layout_layer_cave, lemuel_coloured_pillars_altar, elyvilon_altar_1,
          marbit_many_paths, due_lair_maze_entry_diamond, uniq_gastronok
D:10:     layout_loops_ring, erik_orc_3, serial_shops, nicolae_shop_waterfront,
          hangedman_fish_farm, dk_noncrumbling_2, uniq_fannar
D:11:     cheibrodos_fzero, layout_loops_corners,
          gammafunk_ghost_abyssal_escape, basic_altar, uniq_grum
D:12:     layout_roguey, nicolae_water_bricks, hangedman_decor_diamond_cutter,
          uniq_jorgrun
Temple:   compressed_dpeg_triangle_lava_temple
Orc:1:    cheibrodos_orc_bank, layout_caves, uniq_snorg
Orc:2:    st_orc_town, layout_diamond_mine, basic_altar, bh_open_orc_temple,
          uniq_josephine, uniq_saint_roka

Skill      XL: |  1  2  3  4  5  6  7  8  9 10 11 12 13 |
---------------+----------------------------------------+-----
Unarmed Combat | 4 5 6 7 9 10 11 | 11.0
Poison Magic   | 1 2 3 |  3.0
Transmutations | 3 4 5 6 8 10 | 10.0
Spellcasting   | 3 4 5 |  5.0
Fighting       | 2 4 6 7 |  7.9
Ice Magic      | 4 |  4.6
Invocations    | 2 7 9 |  9.2
Dodging        | 2 5 6 |  6.0
Evocations     | 1 5 |  5.5

Action                   |  1- 3 |  4- 6 |  7- 9 | 10-12 | 13-15 || total
-------------------------+-------+-------+-------+-------+-------++-------
Melee: Unarmed           |   105 |    74 |    39 |   332 |       ||   550
       Headbutt          |    11 |    13 |    11 |    10 |       ||    45
       Punch             |     1 |     2 |     7 |    20 |     1 ||    31
       Whip              |       |    25 |   165 |   114 |     9 ||   313
       Tailslap          |       |       |       |    32 |     1 ||    33
       Constrict         |       |       |       |       |     1 ||     1
 Cast: Beastly Appendage |    20 |    28 |    18 |    12 |       ||    78
       Sticks to Snakes  |       |     6 |     8 |     7 |     2 ||    23
       Blade Hands       |       |       |     3 |    55 |       ||    58
       Spider Form       |       |       |     3 |       |       ||     3
       Frozen Ramparts   |       |       |       |     2 |       ||     2
Invok: Stomp             |       |       |       |     1 |       ||     1
 Abil: Spit Poison       |    13 |     5 |     5 |     9 |       ||    32
Evoke: Wand              |       |     2 |     6 |     6 |     1 ||    15
  Use: Potion            |       |       |     3 |     8 |       ||    11
       Scroll            |       |       |    17 |     8 |       ||    25
 Stab: Sleeping          |     1 |     1 |     2 |     4 |       ||     8
       Paralysed         |       |       |     4 |    32 |     2 ||    38
  Eat: Chunk             |     3 |     5 |     7 |    21 |       ||    36
       Ration            |       |       |     3 |     8 |       ||    11
Armor: Robe              |    27 |    44 |    42 |    89 |     1 ||   203
       Skin              |       |       |     1 |     3 |     3 ||     7
Dodge: Dodged            |    71 |    48 |   104 |   242 |       ||   465
Block: Other             |       |       |    11 |    94 |     2 ||   107
       Reflection        |       |       |       |     4 |       ||     4
